 Dungeon Crawl Stone Soup version 0.27-a0-286-g37e0bc138e (webtiles) character file.

Game seed: 9384895437290072084

126 Glundar the Covered (level 5, -4/42 HPs)
             Began as a Human Fighter on Feb 8, 2021.
             Killed by nerve-wracking pain
             ... invoked by Grinder
              (13 damage)
             ... on level 3 of the Dungeon.
             The game lasted 00:10:30 (3175 turns).

Glundar the Covered (Human Fighter)                 Turns: 3175, Time: 00:10:31

Health: -4/42      AC:  9    Str: 17    XL:     5   Next: 32%
Magic:  5/5        EV:  7    Int:  9    God:
Gold:   187        SH:  9    Dex: 12    Spells: 4/4 levels left

rFire    + . .     SeeInvis .   a - +0 war axe
rCold    + . .     Faith    .   c - +0 kite shield
rNeg     . . .     Spirit   .   h - +2 scale mail {rC+}
rPois    .         Reflect  .   (no helmet)
rElec    .         Harm     .   (no cloak)
rCorr    +         Rampage  .   (no gloves)
Will     .....                  (no boots)
Stlth    ..........             (no amulet)
HPRegen  0.14/turn              e - ring of resist corrosion
MPRegen  0.09/turn              u - ring of protection from fire

@: mighty, very slightly contaminated, invisible
A: no striking features
a: no special abilities


You were on level 3 of the Dungeon.
You visited 1 branch of the dungeon, and saw 3 of its levels.

You collected 187 gold pieces.

Inventory:

Hand Weapons
 a - a +0 war axe (weapon)
 b - a +0 hunting sling
Missiles
 s - 52 stones (quivered)
Armour
 c - a +0 kite shield (worn)
 h - a +2 scale mail of cold resistance (worn)
Jewellery
 e - a ring of resist corrosion (left hand)
 o - an uncursed ring of flight
 t - an uncursed ring of willpower
 u - a ring of protection from fire (right hand)
Scrolls
 f - a scroll of identify
 i - 2 scrolls of blinking
 j - 2 scrolls of noise {unknown}
 k - 3 scrolls of remove curse
 n - a scroll of magic mapping {unknown}
 q - a scroll of enchant weapon {unknown}
 v - a scroll of fog {unknown}
Potions
 d - a potion of might
 l - a potion of degeneration
 m - a potion of mutation
 p - a potion of heal wounds
 r - a potion of curing


   Skills:
 + Level 3.8 Fighting
 + Level 2.8 Axes
 + Level 0.8 Slings
 + Level 3.9 Armour
 + Level 3.6 Shields


You had 4 spell levels left.
You didn't know any spells.
Your spell library was empty.

Dungeon Overview and Level Annotations

Branches:
Dungeon (3/15)

Altars:
Gozag
Nemelex Xobeh
Vehumet
Yredelemnul
The Shining One

Annotations:
D:3 Grinder


Message History

You hit Grinder.
Grinder is moderately wounded.
You block Grinder's attack. x2
You barely miss Grinder.
Grinder is moderately wounded.
You block Grinder's attack.
You barely miss Grinder.
Grinder is moderately wounded.
Grinder hits you.
* * * LOW HITPOINT WARNING * * *
Grinder hits you but does no damage.
You closely miss Grinder.
Grinder is moderately wounded.
Grinder blinks!
You feel very mighty all of a sudden.
You slash Grinder!
Grinder is severely wounded.
Grinder gestures at you. Pain shoots through your body!
You die...

#.>...##)........# #.
##....)##.###.##..#####
#.
#......##.###.##......#
##
#......##.#...#...###.#
#### #.......#.#.#.#.#.#
#.# #...
#.#.#######'####### #.#
#.## #.###.............#
#.# ##.## #####.#
#.............# #.###...#
#.....# #.......@.....#
#........ #.#####
#....≈≈≈5≈....###.###...#
#.# #...≈≈###≈≈...#...#
##.## #.# #...≈##
#≈...########.# #.#
#...≈# ≈...#........# #.#
#...≈## ≈...##########
#.# #...≈≈###≈≈...# ###
#.# #....≈≈≈≈≈....# #<.
#.# #......$....
#######.#


You could see Grinder.

Vanquished Creatures
  3 adders
  A gnoll (D:2)
  5 worms
  A dart slug (D:1)
  2 leopard geckos
  2 orcs (D:3)
  6 bats
  3 giant cockroaches
  2 gnoll zombies (D:2)
  7 goblins
  8 hobgoblins
  4 jackals
  3 frilled lizards
  6 kobolds
  13 rats
66 creatures vanquished.

Notes
Turn   | Place    | Note
-------+----------+-------------------------------------------
     0 | D:1      | Glundar the Human Fighter began the quest for the Orb.
     0 | D:1      | Reached XP level 1. HP: 18/18 MP: 1/1
   126 | D:1      | Reached XP level 2. HP: 24/24 MP: 2/2
   607 | D:1      | Reached XP level 3. HP: 29/29 MP: 3/3
  1175 | D:2      | Found a sparkling altar of Nemelex Xobeh.
  1254 | D:2      | Found a radiant altar of Vehumet.
  1292 | D:2      | Found an opulent altar of Gozag.
  1402 | D:2      | Reached XP level 4. HP: 30/35 MP: 4/4
  2205 | D:2      | Found a basalt altar of Yredelemnul.
  2688 | D:3      | Reached XP level 5. HP: 42/42 MP: 5/5
  2945 | D:3      | Found a glowing golden altar of the Shining One.
  3122 | D:3      | Noticed Grinder
  3146 | D:3      | Paralysed by Grinder for 6 turns
  3159 | D:3      | Paralysed by Grinder for 6 turns
  3175 | D:3      | Killed from afar by Grinder

Illustrated notes

Levels and vault maps discovered:
D:1:      sevenhm_arrival_forest_fort_large_3, layout_basic,
          lemuel_another_geyser
D:2:      layout_loops_corners, nemelex_xobeh_ov_fountains_minmay,
          lemuel_crystal_altar, vehumet_crystals,
          lemuel_zombie_altar_yredelemnul, hangedman_decor_lopped,
          hangedman_glass_teeth, minmay_vboxes
D:3:      layout_loops_ring, nicolae_tso_carved_into_rock, kennysheep_path_1,
          feat_on_display, uniq_grinder

Action                   |  1- 3 |  4- 6 || total
-------------------------+-------+-------++-------
Melee: War axe           |    95 |   126 ||   221
 Fire: Hunting sling     |       |     6 ||     6
  Use: Scroll            |       |     7 ||     7
       Potion            |       |     2 ||     2
Armor: Scale mail        |    55 |    59 ||   114
Dodge: Dodged            |    43 |    30 ||    73
Block: Kite shield       |    52 |    47 ||    99

Table legend: (Time is in decaauts)
 A = Elapsed time spent in this place.
 B = Non-inter-level travel time spent in this place.
 C = Inter-level travel time spent in this place.
 D = Time resting spent in this place.
 E = Time spent auto-exploring this place.
 F = Levels seen in this place.
 G = Mean time per level.
                   A        B        C        D        E       F      G
               +--------+--------+--------+--------+--------+-----+--------+
         Total |   3311 |   3069 |    242 |      0 |   2306 |   3 | 1103.7 |
       Dungeon |   3311 |   3069 |    242 |      0 |   2306 |   3 | 1103.7 |
               +--------+--------+--------+--------+--------+-----+--------+

Top non-repeatable levels by time:
     D:2: 1246 daAuts
     D:1: 1182 daAuts
     D:3: 883 daAuts
